[Event "TePe Sigeman Co 2024"]
[Site "Malmo"]
[Date "2024.05.02"]
[Round "6.2"]
[White "Korobov, Anton"]
[Black "Grandelius, Nils"]
[Result "1-0"]
[ECO "C55"]
[WhiteElo "2651"]
[BlackElo "2664"]
[Annotator "TA"]
[PlyCount "71"]
[EventDate "2024.04.27"]
[EventType "tourn"]
[EventCountry "SWE"]
[SourceTitle "playchess.com"]
[Source "ChessBase"]
[SourceQuality "1"]
[TimeControl "40/5400+30:1800+30"]

1. e4 e5 2. Nf3 Nc6 3. Nc3 Nf6 4. h3 g6 5. Bc4 Bg7 6. d3 d6 7. a4 O-O 8. O-O h6 9. a5 a6 10. Nd5 Nxd5 11. Bxd5 {[%emt 0:00:14] The position is equal.} Kh7 (11... Nxa5 $5 12. Rxa5 c6 13. Bxf7+ Rxf7 $15) 12. c3 f5 (12... Nxa5 $5 13. Rxa5 c6 14. Bxf7 Qxa5 $19) 13. Re1 Qf6 14. b4 Ne7 15. Bb3 g5 {[%emt 0:02:39] Threatens to win with ...g4.} 16. exf5 Bxf5 17. d4 e4 18. Nh2 Ng6 19. Ra2 Rae8 20. f3 exf3 21. Nxf3 {[%emt 0:00:16] Rxe8 is the strong threat.} Rxe1+ 22. Qxe1 Kh8 23. Rf2 Qd8 24. Qd1 g4 25. hxg4 Bxg4 26. Qf1 Qe7 27. Bd2 Qe4 {[%emt 0:03:16] Dodges Bc2} 28. Ne1 {[%emt 0:04:45] Qc4 would now be deadly.} Rxf2 29. Qxf2 Qf5 30. Qe3 {[%emt 0:00:50] Hoping for Bc2.} d5 (30... Nf8 $16 {keeps fighting.}) 31. Bc2 $18 Qf7 {[%emt 0:00:06] [#]} 32. Qg3 $1 Bf5 (32... Bh5 {is tougher.} 33. Bd3 Kg8) 33. Bxf5 Qxf5 34. Qxc7 Qe4 35. Nf3 Kh7 $2 {[%emt 0:00:06] [#]} (35... Qe7 36. Qh2 Kh7) 36. Qxb7 {[%emt 0:00:35] Weighted Error Value: White=0.16 (very precise) /Black=0.30.  Mistake:       	---       	Black=3      Inaccurate:     	White=3     	Black=7      OK:         	White=10    	Black=12     Best:        	White=3     	Black=1} 1-0

[Event "TePe Sigeman Co 2024"]
[Site "Malmo"]
[Date "2024.05.02"]
[Round "6.3"]
[White "Erigaisi Arjun"]
[Black "Svidler, Peter"]
[Result "1/2-1/2"]
[ECO "C88"]
[WhiteElo "2756"]
[BlackElo "2689"]
[Annotator "TA"]
[PlyCount "71"]
[EventDate "2024.04.27"]
[EventType "tourn"]
[EventCountry "SWE"]
[SourceTitle "playchess.com"]
[Source "ChessBase"]
[SourceQuality "1"]
[TimeControl "40/5400+30:1800+30"]

1. e4 e5 2. Nf3 Nc6 3. Bb5 a6 4. Ba4 Nf6 5. O-O Be7 6. Re1 b5 7. Bb3 O-O 8. h3 Bb7 9. d3 d5 10. exd5 Nxd5 11. Nbd2 Qd7 12. a4 Rae8 13. axb5 axb5 14. Ne4 Kh8 15. Bd2 f5 16. Neg5 Bd8 17. c4 bxc4 {[%emt 0:00:17] The position is equal.} 18. Bxc4 Bxg5 19. Nxg5 h6 20. Nf3 Qd6 21. Ra3 Nb6 {[%emt 0:21:54] A dynamic duo of knights.} 22. Bb5 Re6 23. Bxc6 Bxc6 24. Bc3 Bxf3 25. Qxf3 Nd5 26. Bd2 Nb4 27. Ra8 Nc2 28. Rxf8+ Qxf8 29. Rd1 Nd4 30. Qd5 Qd6 31. Qxd6 Rxd6 32. Kf1 Ne6 33. Ke2 Nd4+ 34. Kf1 Ne6 35. Ke2 Nd4+ 36. Kf1 {[%emt 0:00:08] Weighted Error Value: White=0.02 (flawless) /Black=0.02 (flawless) .  Inaccurate:     	White=1     	---        OK:         	White=13    	Black=13     Best:        	White=1     	Black=1} 1/2-1/2

[Event "TePe Sigeman Co 2024"]
[Site "Malmo"]
[Date "2024.05.02"]
[Round "6.4"]
[White "Keymer, Vincent"]
[Black "Abdusattorov, Nodirbek"]
[Result "0-1"]
[ECO "D15"]
[WhiteElo "2726"]
[BlackElo "2765"]
[Annotator "TA"]
[PlyCount "100"]
[EventDate "2024.04.27"]
[EventType "tourn"]
[EventCountry "SWE"]
[SourceTitle "playchess.com"]
[Source "ChessBase"]
[SourceQuality "1"]
[TimeControl "40/5400+30:1800+30"]

1. Nf3 d5 2. e3 Nf6 3. c4 c6 4. Nc3 a6 5. d4 b5 6. b3 Bg4 7. a4 {[%emt 0:01:13] D15: Slav Defence: 4 Nc3 a6 and gambit lines after 4 Nc3 dxc4.} bxc4 $1 {[%emt 0:02:04][%mdl 4] is recently more successful than 7...b4.} 8. bxc4 Nbd7 9. Be2 e6 10. c5 a5 11. O-O Be7 12. Ne1 $146 ({Predecessor:} 12. Bd2 O-O 13. h3 Bxf3 14. Bxf3 e5 15. Be2 Ne8 16. Na2 Nc7 17. Nc1 Ne6 18. Nb3 {1-0 Urkedal,F (2569)-Dastan,B (2572) EU-chT 23rd Terme Catez 2021 (7.2)}) 12... Bxe2 13. Qxe2 e5 14. Nd3 exd4 15. exd4 O-O 16. f3 Re8 17. Qc2 Nf8 18. Ne2 N6d7 19. f4 Ne6 20. Bb2 Qc8 21. Ng3 Rb8 22. Rae1 Bh4 23. f5 Ng5 24. Rxe8+ Qxe8 25. Bc1 Ne4 26. Bf4 Rb7 27. Nh5 (27. Re1 $15) 27... g6 28. Ng3 Nxg3 29. hxg3 (29. Bxg3 $2 Bxg3 30. hxg3 Qe3+ 31. Kh2 Qxd4 $19) 29... Bf6 30. Qc3 Qe4 (30... gxf5 $6 31. Re1 Qc8 32. Kh2 $11) 31. Be5 Qe3+ ({Much weaker is} 31... gxf5 $6 32. Re1 (32. Nf2 Qe2 $11) 32... Qg4 33. Bf4 $11) 32. Kh2 Bxe5 (32... gxf5 $1 $17 {And now ...Bxe5 would win.} 33. Re1 Qh6+ 34. Kg1 Nxe5 35. dxe5 Be7 36. Qxa5 Rb3) 33. dxe5 $15 d4 34. Qc4 $1 (34. Qc2 $2 Nxe5 35. Nxe5 Qxe5 $19) 34... Nxe5 35. Nxe5 Qxe5 36. Qa6 Qc7 $1 37. f6 (37. Rf4 $1 $15) 37... h5 $1 $17 38. Qe2 {[%emt 0:00:19] [#]} Qd8 (38... Qb8 $1 $17 {White must now prevent ...Rb3.} 39. Qe4 Rb3) 39. Qe4 {[%emt 0:00:43] [#]} (39. Qa6 $1 $11 Qc7 40. Qe2) 39... Rc7 $1 $17 40. Qf4 Kh7 (40... d3 $142 {...Rd7 would now be deadly.} 41. Rf3 Rd7) 41. g4 $17 Rd7 42. Re1 ({But not} 42. gxh5 $2 Qc7 43. Qxc7 (43. hxg6+ $2 Kxg6 44. Qxc7 Rxc7 $19) 43... Rxc7 $19) 42... Qf8 43. Re5 $2 (43. Re7 $17 {was the crucial defense.} Rxe7 44. fxe7 Qxe7 45. gxh5) 43... hxg4 $19 44. Qxg4 Rd8 45. Qe4 Qh6+ 46. Kg1 d3 47. Qc4 Kg8 48. Qe4 d2 49. Re8+ Rxe8 50. Qxe8+ Qf8 0-1

[Event "TePe Sigeman Co 2024"]
[Site "Malmo"]
[Date "2024.05.03"]
[Round "7.1"]
[White "Ju, Wenjun"]
[Black "Korobov, Anton"]
[Result "1-0"]
[ECO "B51"]
[WhiteElo "2559"]
[BlackElo "2651"]
[Annotator "TA"]
[PlyCount "149"]
[EventDate "2024.04.27"]
[EventType "tourn"]
[EventCountry "SWE"]
[SourceTitle "playchess.com"]
[Source "ChessBase"]
[SourceQuality "1"]
[TimeControl "40/5400+30:1800+30"]

1. e4 c5 2. Nf3 d6 3. Bb5+ Nd7 4. d4 cxd4 5. Qxd4 a6 6. Be2 Ngf6 7. O-O e6 8. Nc3 Qc7 9. a4 b6 10. Bg5 Bb7 11. Nd2 h6 12. Bxf6 Nxf6 13. Nc4 Qc5 14. Rad1 Qxd4 15. Rxd4 d5 16. exd5 Bc5 17. Rdd1 exd5 18. Bf3 O-O-O 19. Ne5 Rhe8 20. Nd3 Bd6 21. Ne2 Ne4 22. Nd4 Kc7 23. h4 Be7 24. g3 Nc5 25. Nxc5 bxc5 26. Ne2 g5 27. hxg5 hxg5 28. Rd2 Bf6 29. Rfd1 Bc6 30. b3 Rd7 31. Kf1 Red8 32. Rd3 c4 33. R3d2 Rd6 34. Nd4 Bd7 35. Bh5 Bg7 36. Kg1 f5 37. Be2 Kb6 38. a5+ (38. bxc4 $5 Rc8 $18) 38... Kc5 (38... Kxa5 39. bxc4 Kb6 40. Nb3 $16) (38... Kc7 $11) 39. c3 $14 Bxd4 {[%emt 0:00:12] [#]} 40. b4+ $1 (40. cxd4+ Kb4 41. bxc4 dxc4 $11 (41... Kxa5 $2 42. Rb1 $18)) 40... Kc6 41. Rxd4 Be6 42. Bf1 ({White should try} 42. Kg2 $14) 42... Bf7 ({Better is} 42... f4 $11) 43. R1d2 (43. f3 $1 $14) 43... f4 $11 44. Bg2 (44. gxf4 gxf4 45. Rxf4 Rg6+ 46. Bg2 Rdg8 47. Rxf7 (47. Rxc4+ $2 {is the wrong capture.} Kd6 $19) 47... Rxg2+ 48. Kf1 Rg1+ 49. Ke2 Re8+ 50. Kf3 Rd8) 44... Kb5 45. Bf3 (45. gxf4 gxf4 46. Ra2 (46. Rxf4 Bg8 $17) 46... Bg6 $17) 45... fxg3 46. fxg3 Re8 47. Bxd5 Rxd5 48. Rxd5+ Bxd5 49. Rxd5+ Ka4 50. Kf2 Kb3 51. b5 axb5 52. Rxb5+ Kxc3 53. a6 Ra8 54. Rb6 Kd4 55. Ke2 Kc5 56. Rg6 Kb5 57. Rxg5+ Kxa6 58. Rc5 Re8+ 59. Kf3 Rf8+ $2 (59... Rh8 $11) 60. Kg2 Rg8 61. Rxc4 Kb5 62. Rc3 Kb4 63. Rc1 Kb5 64. Rc2 Kb6 65. Rc1 Kb5 $1 66. Kf3 Rf8+ 67. Ke4 Rg8 68. Kf4 Rf8+ 69. Ke5 Re8+ 70. Kf5 Rf8+ {[%emt 0:00:00] [#]} 71. Ke6 $1 Re8+ 72. Kf7 Re4 73. Rg1 Rg4 74. Kf6 Kc6 75. Kf5 1-0

[Event "TePe Sigeman Co 2024"]
[Site "Malmo"]
[Date "2024.05.03"]
[Round "7.2"]
[White "Abdusattorov, Nodirbek"]
[Black "Maurizzi, Marc`Andria"]
[Result "1-0"]
[ECO "E06"]
[WhiteElo "2765"]
[BlackElo "2605"]
[Annotator "TA"]
[PlyCount "61"]
[EventDate "2024.04.27"]
[EventType "tourn"]
[EventCountry "SWE"]
[SourceTitle "playchess.com"]
[Source "ChessBase"]
[SourceQuality "1"]
[TimeControl "40/5400+30:1800+30"]

1. d4 d5 2. c4 e6 3. Nf3 Nf6 4. g3 Be7 5. Bg2 O-O 6. Qc2 a5 7. O-O Nc6 8. a3 dxc4 {[%emt 0:01:13] White has an edge.} 9. Qxc4 a4 10. Nc3 Bd7 11. Bf4 (11. Nxa4 $2 b5 (11... Nxd4 12. Nc3 $11) 12. Qd3 (12. Qxb5 $2 Nxd4 13. Qd3 Nxf3+ 14. Qxf3 Rxa4 $19) 12... bxa4 $19 (12... Rxa4 $2 13. b3 $19)) 11... Na5 12. Qd3 c5 (12... Nd5 $11 {feels stronger.}) 13. Rad1 Bc6 14. e4 {[%emt 0:01:30][%cal Be2e4,Be4e5][%mdl 32] [#] And now d5 would win.} cxd4 15. Nxd4 Bc5 16. Nxc6 Qxd3 17. Rxd3 Nxc6 {[%emt 0:00:01] [#]} 18. e5 $1 Nh5 19. Rd7 Nxf4 20. gxf4 Nd4 21. Rxb7 {[%emt 0:10:50] White is much more active.} (21. Bxb7 Ra7 $14) 21... Ra7 22. Rd1 Rxb7 23. Bxb7 Ba7 24. Be4 ({White should try} 24. Nxa4 $16 {b4 would now be deadly.} f6 25. f5) 24... f6 $14 25. f5 (25. Nxa4 {simplifies} fxe5 26. fxe5 Nb3 27. Kh1) 25... Rd8 (25... fxe5 $11 26. fxe6 (26. Nxa4 exf5 27. Bd5+ Kh8 $15) 26... Nxe6) 26. fxe6 $16 {[%emt 0:02:53] Threatens to win with e7.} (26. Nxa4 $2 Ne2+ (26... exf5 27. Bd3 $11) (26... fxe5 27. Kf1 $16) 27. Kf1 Rxd1+ $17) 26... Ne2+ $2 {[%emt 0:00:07] This move loses the game for Black.} (26... fxe5 $16 {was necessary.} 27. e7 (27. Nxa4 Ne2+ 28. Kf1 Rxd1+ $14) 27... Re8 28. Nxa4 Rxe7) 27. Kf1 $18 {[%emt 0:00:47][%cal Rd1d8] White has a decisive advantage.} (27. Nxe2 $2 {perishes.} Rxd1+ 28. Kg2 fxe5 $19) 27... Rxd1+ 28. Nxd1 Nf4 29. exf6 (29. e7 Kf7 30. exf6 (30. Bxh7 fxe5 31. Bc2 Kxe7 $18) 30... gxf6 31. Bxh7 Kxe7 $18) 29... gxf6 30. Nc3 Kf8 31. Bf5 {[%emt 0:00:21] Weighted Error Value: White=0.12 (very precise) /Black=0.23 (precise) .  Mistake:       	White=1     	Black=3      Inaccurate:     	White=3     	Black=1      OK:         	White=9     	Black=10     Best:        	White=1     	Black=2      Strong:       	White=1     	---} (31. Nxa4 h5 32. Bf5 Bd4 $18) 1-0

[Event "TePe Sigeman Co 2024"]
[Site "Malmo"]
[Date "2024.05.03"]
[Round "7.3"]
[White "Svidler, Peter"]
[Black "Keymer, Vincent"]
[Result "1/2-1/2"]
[ECO "C77"]
[WhiteElo "2689"]
[BlackElo "2726"]
[Annotator "TA"]
[PlyCount "83"]
[EventDate "2024.04.27"]
[EventType "tourn"]
[EventCountry "SWE"]
[SourceTitle "playchess.com"]
[Source "ChessBase"]
[SourceQuality "1"]
[TimeControl "40/5400+30:1800+30"]

1. e4 e5 2. Nf3 Nc6 3. Bb5 a6 4. Ba4 Nf6 5. d3 Bc5 6. Bxc6 dxc6 7. Qe2 (7. Nxe5 $2 Qd4 8. Be3 Qxe5 $19) 7... Qe7 8. Nbd2 Bg4 9. h3 Bh5 10. g4 Bg6 11. Nb3 Bd6 12. Nh4 Nd7 13. Nf5 Bxf5 14. gxf5 g6 15. Qf3 O-O-O 16. Be3 Bb4+ 17. Ke2 (17. Nd2 {simplifies} Bc5 18. O-O-O Bxe3 19. fxe3 Kb8 20. Rhg1) 17... Nc5 18. Rag1 Rhg8 19. h4 (19. fxg6 {simplifies} Rxg6 20. Rxg6 fxg6 21. Nxc5 Bxc5 22. Qg4+) 19... Qd6 20. h5 Kb8 (20... Nxd3 $2 21. Rd1 $18) 21. Bc1 Nxb3 22. axb3 Bc5 23. Rg3 Bb6 24. Bd2 Bd4 25. hxg6 hxg6 26. Rh7 (26. c3 $14 Bb6 27. Rh7) 26... Bxb2 $11 27. Rxf7 Qc5 (27... gxf5 $11 28. Rxg8 (28. exf5 $2 e4 $19) (28. Rxf5 Qc5 $11) (28. Qxf5 Rxg3 29. fxg3 Qc5 $11) 28... Rxg8) 28. c4 (28. Rxg6 Qxc2 $15) (28. fxg6 $14 Qxc2 29. g7) 28... gxf5 {[%emt 0:03:28] The position is equal.} 29. Rxg8 (29. exf5 Rge8 30. Bg5 Rc8) 29... Rxg8 30. Qxf5 Qa3 31. b4 Rd8 32. Rd7 Rc8 33. Qf6 Qa2 {[%emt 0:03:22] [#] White must now prevent ...Bc3.} 34. Rd8 {[%emt 0:00:44] Rxc8+ would kill now.} b6 {[%emt 0:01:57] And now ...Bc3 would win.} 35. Kf3 Qb3 {[%emt 0:00:26] Hoping for ...Qd1+.} 36. Be3 Rxd8 37. Qxd8+ {[%emt 0:00:05] KQB-KQB} Kb7 38. Bxb6 $1 Qd1+ 39. Kg3 Qg1+ ({Weaker is} 39... Kxb6 40. Qb8#) 40. Kf3 Qd1+ 41. Kg3 {[%emt 0:30:02] The board is on fire.} Qg1+ ({Inferior is} 41... Kxb6 42. Qb8#) 42. Kf3 {[%emt 0:00:04] Weighted Error Value: White=0.06 (flawless) /Black=0.05 (flawless) .  Mistake:       	White=2     	Black=1      Inaccurate:     	---       	Black=1      OK:         	White=13    	Black=13     Best:        	White=2     	Black=3      Strong:       	White=1     	---} 1/2-1/2

[Event "TePe Sigeman Co 2024"]
[Site "Malmo"]
[Date "2024.05.03"]
[Round "7.4"]
[White "Grandelius, Nils"]
[Black "Erigaisi Arjun"]
[Result "1/2-1/2"]
[ECO "B51"]
[WhiteElo "2664"]
[BlackElo "2756"]
[Annotator "TA"]
[PlyCount "130"]
[EventDate "2024.04.27"]
[EventType "tourn"]
[EventCountry "SWE"]
[SourceTitle "playchess.com"]
[Source "ChessBase"]
[SourceQuality "1"]
[TimeControl "40/5400+30:1800+30"]

1. e4 c5 2. Nf3 d6 3. Bb5+ Nd7 4. d4 cxd4 5. Nxd4 Ngf6 6. Bd3 {[%emt 0:00:48] B51: Sicilian: Moscow Variation (3 Bb5+) without 3...Bd7.} Nc5 7. Nc3 g6 8. O-O Bg7 9. Re1 O-O 10. Bf1 Bd7 $146 ({Predecessor:} 10... b6 11. f3 Bb7 12. Be3 a6 13. Qd2 Qc7 14. a4 Rfd8 15. Bh6 Bh8 16. Qf2 e5 {0-1 Adams,M (2687)-Volokitin,A (2665) UK-UKR Solidarity m 2023 (2)}) 11. a4 a6 12. Ra3 Rc8 13. h3 Re8 14. a5 Bc6 15. Nxc6 Rxc6 16. b4 Ncd7 17. Nd5 Nxd5 18. exd5 Rc7 19. c4 Ne5 20. Rc3 Qc8 21. Qb3 e6 22. dxe6 fxe6 23. Bb2 d5 24. cxd5 Rxc3 25. Bxc3 Nf3+ 26. gxf3 Qxc3 27. Qxc3 Bxc3 28. Re4 Kf8 29. dxe6 Ke7 30. h4 Rd8 31. Rc4 Be5 32. f4 Bd6 33. Bg2 Rb8 34. Bd5 b6 (34... Rf8 $16 35. Kg2 (35. Bxb7 Rb8 $16) 35... h6 36. Bxb7 Rb8) 35. Rc6 $18 bxa5 36. Rxa6 ({Weaker is} 36. bxa5 Rb5 37. Bc4 Rxa5 $11) 36... axb4 37. Ra7+ Ke8 38. Bc6+ Kf8 39. Rf7+ ({But not} 39. Rxh7 $6 b3 $11) 39... Kg8 40. Rd7 b3 41. Rxd6 b2 42. Be4 b1=Q+ 43. Bxb1 Rxb1+ 44. Kg2 Kg7 45. Rd5 Kf6 46. Re5 Ke7 47. Kf3 Rh1 {[%emt 0:04:46] [#]} 48. h5 $1 Rh3+ 49. Kg2 Ra3 50. h6 ({White should try} 50. Re2 $16) 50... Ra1 $11 51. Rb5 Kxe6 52. Rb7 Ra5 53. Rxh7 Rh5 $1 54. Kf3 Kf6 55. Rh8 Rh4 56. Ke3 (56. h7 $5 Kg7 $8 57. Rc8 Kxh7 58. Rc7+ Kg8 59. Rb7 $11) 56... Kf7 57. Kf3 Kf6 58. Kg2 (58. h7 $5 Kg7 $8 59. Ra8 Kxh7 60. Ra7+ Kg8 61. Kg3 $11) 58... Rh5 59. Kg3 Rh1 60. f3 Kf7 61. f5 gxf5 62. Kf4 Rh3 63. Ra8 Rxh6 64. Ra7+ Kf8 65. Kxf5 Rb6 1/2-1/2